 Dungeon Crawl Stone Soup version 0.24-a0-528-g98e85ec62a (webtiles) character file.

Game seed: 9656393417298407805

2481 Conn the Thaumaturge (level 9, -5/46 (47) HPs)
             Began as a Deep Elf Fire Elementalist on Aug 5, 2019.
             Killed by divine providence
             ... invoked by an orc priest
              (16 damage)
             ... on level 7 of the Dungeon.
             The game lasted 00:19:39 (6648 turns).

Conn the Thaumaturge (Deep Elf Fire Elementalist)   Turns: 6648, Time: 00:19:40

HP:   -5/46 (47)    AC:  6    Str:  5    XL:     9   Next: 27%
MP:   19/32         EV: 14    Int: 20    God:
Gold: 254           SH:  0    Dex: 25    Spells: 9/25 levels left

rFire    . . .     SeeInvis .   a - +6 short sword of the Yoke {venom, +Rage rPois Int-4 Dex+10}
rCold    . . .     Gourm    .   (no shield)
rNeg     . . .     Faith    .   d - +0 leather armour
rPois    +         Spirit   .   (no helmet)
rElec    .         Reflect  .   (no cloak)
rCorr    .         Harm     .   A - +0 pair of gloves
MR       .....                  E - +1 pair of boots {run}
Stlth    ++++......             H - amulet of the acrobat
HPRegen  0.15/turn              i - ring of magical power
MPRegen  0.23/turn              F - ring of stealth (curse)

@: very slightly contaminated, quick
A: no striking features
a: Evoke Berserk Rage


You were on level 7 of the Dungeon.
You were very hungry.

You visited 1 branch of the dungeon, and saw 7 of its levels.
You also visited: Sewer.

You collected 254 gold pieces.

Inventory:

Hand Weapons
 a - the +6 short sword of the Yoke (weapon) {venom, +Rage rPois Int-4 Dex+10}
   (You found it on level 4 of the Dungeon)

   It poisons the flesh of those it strikes.
   It affects your intelligence (-4).
   It affects your dexterity (+10).
   It protects you from poison.
   It lets you go berserk.
 b - a +2 hand crossbow of velocity
 f - a cursed -1 mace
 g - a +0 short sword
 k - a +0 dagger of protection
 m - a +1 dagger
 z - a cursed +3 short sword of freezing
 B - a +2 whip of venom
Missiles
 p - 2 javelins (quivered)
 w - 27 bolts
 I - 7 boomerangs
Armour
 d - a +0 leather armour (worn)
 n - a +0 robe
 A - a +0 pair of gloves (worn)
 E - a +1 pair of boots of running (worn)
Jewellery
 e - an uncursed ring of see invisible
 i - a ring of magical power (left hand)
 q - an uncursed ring of flight
 v - an uncursed amulet of guardian spirit
 x - a +4 ring of dexterity
 F - a cursed ring of stealth (right hand)
 H - an amulet of the acrobat (around neck)
Wands
 j - a wand of flame (15)
 o - a wand of scattershot (2)
 y - a wand of digging (5)
Scrolls
 l - 2 scrolls of teleportation
 r - 2 scrolls of blinking
 t - 5 scrolls of identify
Potions
 h - 2 potions of magic
 s - 3 potions of brilliance
 u - a potion of might
 C - 3 potions of curing {unknown}
 D - 3 potions of flight {unknown}
 G - 2 potions of agility {unknown}
Comestibles
 c - 10 rations


   Skills:
 + Level 1.3 Fighting
 + Level 1.2 Short Blades
 * Level 2.4 Crossbows
 + Level 0.1 Throwing
 + Level 3.1 Armour
 + Level 4.1 Dodging
 + Level 5.1 Stealth
 + Level 8.5 Spellcasting
 + Level 5.7 Conjurations
 + Level 0.3 Hexes
 + Level 7.7 Fire Magic
 + Level 0.1 Evocations


You had 9 spell levels left.
You knew the following spells:

 Your Spells              Type           Power        Failure   Level  Hunger
a - Flame Tongue          Conj/Fire      #####        1%          1    None
b - Conjure Flame         Conj/Fire      #####...     2%          3    None
c - Sticky Flame          Conj/Fire      #####...     9%          4    ###....
d - Inner Flame           Hex/Fire       ###.....     8%          3    None
e - Fireball              Conj/Fire      #####.....   22%         5    #####..

Your spell library contained the following spells:

 Spells                   Type           Power        Failure   Level  Hunger
 Throw Flame              Conj/Fire      #####.       1%          2    None


Dungeon Overview and Level Annotations

Branches:
Dungeon (7/15)
 Temple: D:4-7

Altars:
Ashenzari
Okawaru
Trog
Xom


Message History

Casting: Inner Flame (safe; 8% risk of failure)
Confirm with . or Enter, or press ? or * to list all spells.
Okay, then.
The orc priest mumbles some strange prayers to Beogh against you.
Beogh smites you!
There is a stone staircase leading up here.
Casting: Inner Flame (safe; 8% risk of failure)
Confirm with . or Enter, or press ? or * to list all spells.
Aiming: Flame Tongue (safe; 1% risk of failure)
Press: ? - help, Shift-Dir - straight line, f/p - iguana
Aim: an iguana (inner flame)
The flame tongue hits the iguana.
The iguana is moderately wounded.
The orc priest invokes the aid of Beogh against you.
Beogh smites you!
* * * LOW HITPOINT WARNING * * *
You can't go down here!
The orc priest calls down the wrath of Beogh upon you.
Beogh smites you!
You die...

.....#........#..
.................
..........#........# ..
.###.........#........# ...
..#.....>.............###...
P.....................#.#.#
♣.........................#
..........................#
..........a.##l.@......####
.........o...o...##.....#
##.).................#..#
#..............#.....#..#
#....)........###.......#
..........#.### ##...##..
#.#.....##### ###.# ...
####..### #.. .#.. #### ##.
...##


You could see an iguana (inner flame), an orc priest and an orc.

Vanquished Creatures
  Grinder (Sewer)
  An orc warrior (D:7)
  2 sky beasts
  A black bear (D:6)
  A necrophage (Sewer)
  A phantom (D:4)
  4 ogres
  A centaur (D:6)
  A big kobold (Sewer)
  A bullfrog (D:6)
  A scorpion (D:4)
  6 wights
  An orc priest (D:3)
  A quasit (D:7)
  4 hounds
  2 bullfrog zombies (D:5)
  2 bullfrog skeletons
  2 orc wizards
  Jessica (D:2)
  A centaur skeleton (D:5)
  An iguana (D:5)
  5 worker ants
  A big kobold zombie (Sewer)
  A hound skeleton (D:4)
  A howler monkey zombie (D:5)
  Robin (D:2)
  9 adders
  A river rat (D:5)
  4 shadow imps (Sewer)
  2 oozes
  4 ufetubi (Sewer)
  An adder skeleton (D:5)
  2 adder zombies (Sewer)
  5 worms
  3 dart slugs
  6 leopard geckos
  11 orcs
  5 giant cockroaches
  10 goblins
  8 hobgoblins
  5 jackals
  15 kobolds
  A quokka (D:2)
  5 ball pythons
  6 bats
  4 frilled lizards
  A giant cockroach zombie (Sewer)
  A kobold zombie (Sewer)
  A leopard gecko skeleton (D:4)
  3 rats
158 creatures vanquished.

Notes
Turn   | Place    | Note
-------+----------+-------------------------------------------
     0 | D:1      | Conn the Deep Elf Fire Elementalist began the quest for the
                  | Orb.
     0 | D:1      | Reached XP level 1. HP: 10/10 MP: 6/6
   373 | D:1      | Reached XP level 2. HP: 15/15 MP: 8/8
   766 | D:2      | Found a bloodstained altar of Trog.
  1073 | D:2      | Reached XP level 3. HP: 19/19 MP: 7/10
  1076 | D:2      | Noticed Robin
  1084 | D:2      | Killed Robin
  1120 | D:2      | Noticed Jessica
  1249 | D:2      | Killed Jessica
  1249 | D:2      | Reached skill level 4 in Spellcasting
  1249 | D:2      | Reached XP level 4. HP: 18/24 MP: 12/12
  1414 | D:2      | Learned a level 3 spell: Conjure Flame
  1419 | D:2      | Learned a level 4 spell: Sticky Flame
  2205 | D:3      | Learned a level 3 spell: Inner Flame
  2219 | D:3      | Found a shimmering altar of Xom.
  2222 | D:3      | Reached skill level 5 in Spellcasting
  2222 | D:3      | Reached XP level 5. HP: 16/28 MP: 14/14
  2541 | D:3      | Reached skill level 1 in Armour
  2925 | D:3      | Reached XP level 6. HP: 24/32 MP: 16/16
  3138 | D:4      | Reached skill level 5 in Fire Magic
  3577 | D:4      | Got an encrusted short sword
  3878 | D:5      | Entered Level 5 of the Dungeon
  3892 | D:5      | Reached skill level 6 in Spellcasting
  3892 | D:5      | Reached XP level 7. HP: 36/36 MP: 18/18
  4237 | D:5      | Found a glowing drain.
  4241 | Sewer    | Entered a sewer
  4439 | Sewer    | Identified the +6 short sword of the Yoke {venom, +Rage
                  | rPois Int-4 Dex+10} (You found it on level 4 of the
                  | Dungeon)
  4449 | Sewer    | Reached XP level 8. HP: 42/42 MP: 20/20
  4530 | Sewer    | Found an ancient bone altar of Kikubaaqudgha.
  4556 | Sewer    | Reached skill level 7 in Spellcasting
  4569 | Sewer    | Reached skill level 5 in Stealth
  4870 | Sewer    | Identified a +1 pair of boots of running (You found it in a
                  | sewer)
  4891 | Sewer    | Noticed Grinder
  4901 | Sewer    | Killed Grinder
  5091 | D:5      | Reached skill level 5 in Conjurations
  5408 | D:5      | Found a shattered altar of Ashenzari.
  5562 | D:5      | Learned a level 5 spell: Fireball
  5594 | D:6      | Reached skill level 8 in Spellcasting
  5912 | D:6      | Found an iron altar of Okawaru.
  5988 | D:6      | Reached skill level 1 in Short Blades
  6196 | D:6      | Reached XP level 9. HP: 45/45 MP: 23/23
  6204 | D:6      | Reached skill level 1 in Crossbows
  6207 | D:6      | Reached skill level 1 in Fighting
  6607 | D:7      | Found the -2 hat of the Alchemist {rElec rPois rF+ rC+ rN+
                  | MR+ rMut rCorr}
  6648 | D:7      | Killed from afar by an orc priest

Levels and vault maps discovered:
D:1:      minmay_arrival_plants_in_alcoves, layout_loops_ring,
          corexii_item_surrounded_by_moat, hangedman_glass_teeth
D:2:      layout_basic, lemuel_round_altar, st_stairs_10,
          roderic_serpentine_path, kennysheep_nondescript, uniq_jessica,
          uniq_robin
D:3:      layout_basic, xom_teletrap_fun
D:4:      layout_loops_ring, first_ration
D:5:      layout_basic, gup_sewer_entry_bowl, cheibrodos_ashenzari_chains
D:6:      layout_cave_pods, serial_park, serial_park_avenue1,
          kennysheep_diamond, okawaru_ov_weapons_minmay
D:7:      layout_cave_pools, minmay_temple_entry_drinking_statues, serial_park,
          serial_park_tiny_2, serial_park_tiny_2, serial_park_tiny_2,
          serial_park_tiny_1, serial_shops, kennysheep_little_box

Skill      XL: |  1  2  3  4  5  6  7  8  9 |
---------------+----------------------------+-----
Dodging        | 3 4 |  4.1
Spellcasting   | 4 5 6 8 |  8.5
Fire Magic     | 4 5 6 7 |  7.7
Stealth        | 3 4 5 |  5.1
Conjurations   | 2 4 5 |  5.7
Armour         | 1 2 3 |  3.1
Short Blades   | 1 |  1.2
Crossbows      | 2 |  2.4
Fighting       | 1 |  1.3
Throwing       | |  0.1
Hexes          | |  0.3
Evocations     | |  0.1

Action                   |  1- 3 |  4- 6 |  7- 9 || total
-------------------------+-------+-------+-------++-------
Melee: Dagger            |     6 |    14 |     1 ||    21
       Short sword       |       |       |    17 ||    17
 Fire: Hand crossbow     |       |       |    10 ||    10
Throw: Javelin           |     2 |     2 |       ||     4
 Cast: Flame Tongue      |    53 |   114 |   144 ||   311
       Inner Flame       |       |     1 |     3 ||     4
       Sticky Flame      |       |     4 |    11 ||    15
       Conjure Flame     |       |     2 |     5 ||     7
       Fireball          |       |       |     1 ||     1
Evoke: Wand              |       |     2 |     2 ||     4
  Use: Scroll            |     5 |     1 |     4 ||    10
       Potion            |       |     4 |       ||     4
 Stab: Distracted        |       |     1 |       ||     1
       Sleeping          |       |     3 |       ||     3
  Eat: Chunk             |     1 |     8 |     9 ||    18
Armor: Leather armour    |     6 |    10 |    18 ||    34
Dodge: Dodged            |    15 |    55 |    80 ||   150

Table legend:
 A = Non-vault XP
 B = Vault XP
 C = Vault XP percentage of total XP
 D = Non-vault monster count
 E = Vault monster count
 F = Vault count percentage of total count
                 A         B        C        D         E       F
            +---------+---------+-------+---------+---------+-------
      Total |    2601 |     944 |  26.6 |     105 |      53 |  33.5
            +---------+---------+-------+---------+---------+-------
        D:1 |      15 |       0 |   0.0 |       7 |       0 |   0.0
        D:2 |      65 |      92 |  58.6 |      17 |      15 |  46.9
        D:3 |     230 |       0 |   0.0 |      29 |       0 |   0.0
        D:4 |     316 |       0 |   0.0 |      13 |       0 |   0.0
        D:5 |     875 |      17 |   1.9 |      24 |       3 |  11.1
        D:6 |     877 |     136 |  13.4 |      12 |       1 |   7.7
        D:7 |     223 |       0 |   0.0 |       3 |       0 |   0.0
      Sewer |       0 |     699 | 100.0 |       0 |      34 | 100.0
            +---------+---------+-------+---------+---------+-------
